 Dungeon Crawl Stone Soup version 0.30-a0-718-geaa24f58ff (webtiles) character file.

Game seed: 4784821603760004693

2 drugrobin the Sneak (level 1, -8/18 HPs)
             Began as a Demigod Delver on Jan 26, 2023.
             Killed by divine providence
             ... invoked by an orc priest
              (13 damage)
             ... on level 4 of the Dungeon.
             The game lasted 00:02:02 (123 turns).

drugrobin the Sneak (Demigod Delver)                 Turns: 123, Time: 00:02:03

Health: -8/18      AC:  3    Str: 13    XL:     1   Next: 26%
Magic:  3/3        EV: 11    Int: 12    God:
Gold:   42         SH:  0    Dex: 15    Spells: 0/0 levels left

rFire   . . .      SeeInvis .      - Unarmed
rCold   . . .      Faith    .    (no shield)
rNeg    . . .      Spirit   .    a - +0 leather armour
rPois   .          Reflect  .    (no helmet)
rElec   .          Harm     .    (no cloak)
rCorr   .          Rampage  .    (no gloves)
Will    .....                    (no boots)
Stlth   +++                      (no amulet)
HPRegen 0.23/turn                (no ring)
MPRegen 0.08/turn                (no ring)

@: hasted, very quick
A: high MP 1, forlorn, divine attributes
a: no special abilities


You were on level 4 of the Dungeon.
You visited 2 branches of the dungeon, and saw 3 of its levels.

You collected 42 gold pieces.

Inventory:

Hand Weapons
 g - a +0 rapier
Missiles
 h - 3 poisoned darts (quivered)
Armour
 a - a +0 leather armour (worn)
Jewellery
 d - a ring of positive energy
Wands
 f - a wand of digging (3)


   Skills:
 - Level 2.6 Fighting
 - Level 1.7 Dodging
 - Level 4.5 Stealth
 + Level 2.0 Unarmed Combat


You couldn't memorise any spells.
You didn't know any spells.
Your spell library was empty.

Dungeon Overview and Level Annotations

Branches:
Dungeon (5/15)             Temple (1/1) D:5

Annotations:
D:4 Ijyb
D:5 exclusion: iguana


Innate Abilities, Weirdness & Mutations

You have an increased reservoir of magic. (+10% MP)
You shall have no god before yourself.
Your divine heritage dramatically boosts your attributes as you level up.


Message History

Okay, then.
As you read the scroll of fog, it crumbles to dust.
The scroll dissolves into smoke.
You feel yourself speed up. The orc barely misses you.
An orc priest comes into view. It is wielding a +0 club.
Unknown command.
Unknown command.
Unknown command.
Unknown command.
You aren't carrying any potions.
Okay, then.
As you read the scroll of magic mapping, it crumbles to dust.
You feel aware of your surroundings.
You sensed 1 shop/portal.
Unknown command.
Unknown command.
Unknown command.
Unknown command.
A kobold comes into view. It is wielding a +0 club.
Unknown command.
Unknown command.
Unknown command.
Unknown command.
Unknown command.
Unknown command.
Unknown command.
The orc priest hits you with a +0 club.
* * * LOW HITPOINT WARNING * * *
Unknown command.
Unknown command.
Unknown command.
The orc priest hits you but does no damage.
Unknown command.
Unknown command.
An orc comes into view. It is wielding a +0 hand axe.
Found a stone staircase leading up.
Unknown command.
The orc priest mumbles some strange prayers to Beogh against you.
Beogh smites you!
Ouch! That really hurt!
You die...

........* *,* *,*,,,,,,,,,**
>.......*** #.* *.#,*******,,**
........,,* #.***<#,* *,,,,,
........*,* #.**..*,* *,,,,,
......g.*,* #o**.#*,* *,,,,,
........*.#####.*#.#*,* ******
S......#*.....#.#..##.#**********
......##****#.........#.,,,,,,,,,
#..#### **#.@##.....,,,,,,,,,
##..### ##....#**,,,,,,,,,,
†.....#########..#### *,,,,,,,,,,
####...§§..$...o######*,,,,,,,,,,
#..o#######.o.....K,,,,,,,,,,,
###..§§§###§#######*,,,,,,,,,,
#####§§##o# *,,,,,,,,,, ##§o§§#
*,,,,,,,,,, ###### *,,,,,,,,,,


You could see 2 orc priests and 2 orcs.

Vanquished Creatures
  An orc (D:5)
  A ball python (D:4)
2 creatures vanquished.

Notes
Turn   | Place    | Note
-------+----------+-------------------------------------------
     0 | D:5      | drugrobin the Demigod Delver began the quest for the Orb.
     0 | D:5      | Reached XP level 1. HP: 18/18 MP: 3/3
    11 | D:5      | Found a staircase to the Ecumenical Temple.
    26 | Temple   | Entered the Ecumenical Temple
    43 | D:5      | Noticed an iguana
    76 | D:5      | Noticed a necrophage
    76 | D:5      | Noticed an orc priest
    80 | D:5      | Noticed an iguana
    83 | D:4      | Noticed Ijyb
   104 | D:4      | Noticed an orc priest
   115 | D:4      | Noticed an orc priest
   123 | D:4      | Killed from afar by an orc priest

Illustrated notes

Levels and vault maps discovered:
D:4:      layout_rooms, serial_shops, nicolae_shop_stone, uniq_ijyb
D:5:      layout_rooms, amcnicky_altar_gilded,
          mainiacjoe_overflow_large_starburst, minmay_temple_entry_antechambers,
          abandoned_shop, minmay_hollow_rounded_squares
Temple:   nicolae_temple_bog_church

Skill      XL: |  1 |
---------------+----+-----
Unarmed Combat | 2 |  2.0
Fighting       | |  2.6
Dodging        | |  1.7
Stealth        | |  4.5

Action                     || total
---------------------------++-------
  Melee: Unarmed           ||     2
  Throw: Dart              ||     3
    Use: Scroll            ||     3
         Potion            ||     1
 Armour: Leather armour    ||     1
  Dodge: Dodged            ||     2

Table legend: (Time is in decaauts)
 A = Elapsed time spent in this place.
 B = Non-inter-level travel time spent in this place.
 C = Inter-level travel time spent in this place.
 D = Time resting spent in this place.
 E = Time spent auto-exploring this place.
 F = Levels seen in this place.
 G = Mean time per level.
                   A        B        C        D        E       F      G
               +--------+--------+--------+--------+--------+-----+--------+
         Total |    119 |    119 |      0 |      0 |      8 |   3 |   39.7 |
       Dungeon |    117 |    117 |      0 |      0 |      8 |   2 |   58.5 |
        Temple |      1 |      1 |      0 |      0 |      0 |   1 |    1.0 |
               +--------+--------+--------+--------+--------+-----+--------+

Top non-repeatable levels by time:
     D:5: 81 daAuts
     D:4: 36 daAuts
  Temple: 1 daAuts
